 Dungeon Crawl Stone Soup version 0.18-a0-921-g28655ce (webtiles) character file.

132 4thArraOfDagon the Insei (level 5, -2/30 HPs)
             Began as a Kobold Arcane Marksman on Dec 27, 2015.
             Slain by nublet's ghost (4 damage)
             ... on level 7 of the Dungeon.
             The game lasted 00:04:37 (867 turns).

4thArraOfDagon the Insei (Kobold Arcane Marksman)    Turns: 867, Time: 00:04:37

Health: -2/30      AC:  8    Str: 10    XL:     5   Next: 38%
Magic:  6/6        EV: 16    Int: 12    God:
Gold:   38         SH:  0    Dex: 15    Spells: 1 memorised, 5 levels left

rFire  . . .     SeeInvis .     a - +1 hand crossbow
rCold  . . .     Gourm    .     b - +1 robe
rNeg   . . .     Faith    .     (shield restricted)
rPois  .         Spirit   .     (no helmet)
rElec  .         Dismiss  .     j - +0 cloak
rCorr  .         Reflect  .     e - +2 pair of gloves
SustAt .         Harm     .     o - +0 pair of boots
MR     .....                    (no amulet)
Stlth  +.........               (no ring)
                                (no ring)

@: not resistant to hostile enchantments, very unstealthy
A: carnivore 3
a: no special abilities


You were on level 7 of the Dungeon.
You were full.

You visited 1 branch of the dungeon, and saw 7 of its levels.

You collected 38 gold pieces.

Inventory:

Hand Weapons
 a - a +1 hand crossbow (weapon)
Missiles
 d - 4 bolts (quivered)
Armour
 b - a +1 robe (worn)
 e - a +2 pair of gloves (worn)
 j - a +0 cloak (worn)
 o - a +0 pair of boots (worn)
Wands
 m - a wand of cold (4/15)
Scrolls
 h - 2 scrolls of remove curse
 k - a scroll of noise {unknown}
 p - a scroll of fear {unknown}
Potions
 i - a potion of curing
Books
 c - a book of Debilitation

   Spells                             Type                      Level
   a - Corona                         Hexes                        1
   b - Slow                           Hexes                        2
   c - Gell's Gravitas                Hexes/Translocation          3
   d - Inner Flame                    Hexes/Fire                   3
   e - Cause Fear                     Hexes                        4
   f - Leda's Liquefaction            Hexes/Earth                  4
 l - a book of Conjurations

   Spells                             Type                      Level
   a - Magic Dart                     Conjuration                  1
   b - Searing Ray                    Conjuration                  2
   c - Dazzling Spray                 Conjuration/Hexes            3
   d - Fulminant Prism                Conjuration/Hexes            4
   e - Iskenderun's Mystic Blast      Conjuration                  4
   f - Iskenderun's Battlesphere      Conjuration/Charms           5
Comestibles
 f - 3 meat rations
 g - a beef jerky
 n - a slice of pizza


   Skills:
 - Level 2.1 Fighting
 - Level 2.4 Crossbows
 - Level 3.4 Dodging
 * Level 3.7 Unarmed Combat
 - Level 1.0 Spellcasting
 - Level 3.0 Hexes


You had 5 spell levels left.
You knew the following spells:

 Your Spells              Type           Power        Failure   Level  Hunger
a - Corona                Hex            #......      12%         1    ##.....


Dungeon Overview and Level Annotations

Branches:
Dungeon (7/15)
 Temple: D:4-7

Altars:
Dithmenos

Shops:
D:7 (

Annotations:
D:4 nublet's ghost, amateur OgGl
D:7 nublet's ghost, novice OgTm


Innate Abilities, Weirdness & Mutations

You are small and have problems with some larger weapons.
You are carnivorous and can eat meat at any time.


Message History

The hippogriff barely misses you.
Unknown command.
Firing (i - inventory):
d - 6 bolts (quivered)
Press: ? - help, Shift-Dir - straight line, f/p - hippogriff
Aim: a hippogriff (almost dead)
You shoot a bolt. The bolt closely misses the hippogriff.
The hippogriff barely misses you. The hippogriff pecks you.
* * * LOW HITPOINT WARNING * * *
The hippogriff misses you. Nublet's ghost closely misses you.
The hippogriff bites you.
* * * LOW HITPOINT WARNING * * *
The hippogriff closely misses you. The hippogriff claws you.
* * * LOW HITPOINT WARNING * * *
Unknown command.
Firing (i - inventory):
d - 5 bolts (quivered)
Press: ? - help, Shift-Dir - straight line, f/p - hippogriff
Aim: a hippogriff (almost dead)
You shoot a bolt. The bolt barely misses the hippogriff.
Nublet's ghost hits you.
You die...

..)..###.########...####
.....# #.# #.......#..
.....# #.# #.####..#.####
....## #.# #.####..#.#..#
.....# #.# #.......#.#..#
.....# #.# #...#.).#.#<.#
.#...# #W# #####........#
.....# #.# #.W.#.#.#..#
.....# #.# ##.@H#####..#
...#####.### #..§§§###.%.#
♣..........##§§..§§§##.#.#
.#..###....#§§§..§§§§#.#.#
.#..........§§§..§§§§..#.#
.#........<.§..._......#.#
##...........§.%.......#..
###..##...#§§..§§.§§#.###
##.##...##§§§...§##.#


You could see a hippogriff and nublet's ghost.

Vanquished Creatures
  A centaur (D:7)
  An orc wizard (D:7)
  An adder (D:2)
  3 orcs (D:7)
  A ball python (D:1)
  3 giant cockroaches
  2 goblins
  2 hobgoblins
  3 kobolds
  2 quokkas
  A jackal skeleton (D:5)
  A rat (D:2)
21 creatures vanquished.

Notes
Turn   | Place    | Note
--------------------------------------------------------------
     0 | D:1      | 4thArraOfDagon the Kobold Arcane Marksman began the quest for the Orb.
     0 | D:1      | Reached XP level 1. HP: 12/12 MP: 2/2
    39 | D:1      | Reached skill level 1 in Unarmed Combat
    92 | D:2      | Reached XP level 2. HP: 16/16 MP: 3/3
   200 | D:3      | Reached XP level 3. HP: 20/20 MP: 4/4
   273 | D:4      | Noticed nublet's ghost (amateur OgGl)
   288 | D:5      | Entered Level 5 of the Dungeon
   471 | D:7      | Found a shadowy altar of Dithmenos.
   473 | D:7      | Noticed nublet's ghost (novice OgTm)
   583 | D:7      | Found Fahufon's Weapon Emporium.
   596 | D:7      | Noticed a hippogriff
   677 | D:7      | Reached XP level 4. HP: 18/26 MP: 5/5
   712 | D:7      | Noticed a centaur
   719 | D:7      | Killed a centaur
   719 | D:7      | Reached XP level 5. HP: 19/30 MP: 6/6
   867 | D:7      | Slain by nublet's ghost

Vault maps used:
D:1:      lemuel_arrival_lava_pool, serial_glass, glass_columns_a,
          glass_columns_a, feat_on_display, corexii_hall_statues_u, nemelex_deck
D:3:      first_bread
D:4:      serial_shops, shop
D:5:      minmay_goblin_kobold_castle, uniq_duvessa
D:6:      minmay_temple_entry_poolview, uniq_menkaure, uniq_prince_ribbit1
D:7:      nicolae_dithmenos_the_darkroom, serial_shops, nicolae_shop_trees

Action                   |  1- 3 |  4- 6 || total
-------------------------+-------+-------++-------
 Fire: Hand crossbow     |    46 |    13 ||    59
  Use: Scroll            |     3 |       ||     3
       Potion            |       |     2 ||     2
  Eat: Chunk             |     1 |     4 ||     5
